Map: Ice and Chrome LE

Players

Trap - Winner!

  • Race: Protoss Protoss
  • Spawn Location: 7:00

Reynor

  • Race: Zerg Zerg
  • League: Master
  • Spawn Location: 1:00

Event: DreamHack SC2 Masters 2020 Fall

VOD

Have the link to the VOD?

Description

Time

  • Played on: Sept. 20, 2020, 1:23 p.m.
  • Length: 12:50

All games in this series

Show
View Real Time Build Order
Export as new Build Order

Trap Protoss - Winner!

Build Orders: 1 Gate Expand, Zealot Archon, Dark Templar Rush 

Get SALT Encoding   

  12  0:00  Probe  
  13  0:14  Pylon  
  13  0:17  Probe (Chrono Boost)  
  14  0:27  Probe (Chrono Boost)  
  15  0:32  Probe (Chrono Boost)  
  16  0:41  Gateway  
  16  0:43  Probe  
  17  0:50  Assimilator  
  17  0:55  Probe  
  18  1:07  Probe  
  19  1:20  Probe  
  19  1:25  Nexus  
  20  1:35  Cybernetics Core  
  20  1:37  Probe  
  21  1:43  Assimilator  
  21  1:49  Probe  
  21  1:52  Pylon  
  22  2:01  Probe  
  23  2:09  Adept (Chrono Boost)  
  23  2:12  Warp Gate  
  23  2:13  Probe (Chrono Boost)  
  27  2:23  Twilight Council, Probe (Chrono Boost)  
  27  2:28  Probe (Chrono Boost)  
  27  2:33  Stalker  
  30  2:38  Probe (Chrono Boost)  
  32  2:45  Probe (Chrono Boost)  
  32  2:47  Probe (Chrono Boost)  
  32  2:51  Robotics Facility  
  33  2:53  Probe  
  33  2:54  Probe  
  35  3:05  Probe  
  36  3:07  Probe  
  37  3:14  Gateway  
  37  3:17  Dark Shrine  
  37  3:19  Probe x2  
  39  3:22  Adept  
  41  3:31  Probe x2  
  43  3:37  Warp Prism (Chrono Boost)  
  43  3:38  Pylon  
  44  3:44  Probe x2  
  46  3:56  Shield Battery, Probe x2  
  46  4:01  Assimilator  
  46  4:02  Assimilator  
  48  4:06  Gateway  
  48  4:09  Adept  
  50  4:10  Adept  
  50  4:11  Probe  
  50  4:14  Probe  
  54  4:17  Pylon  
  54  4:19  Pylon  
  54  4:35  Probe x2  
  54  4:37  Observer  
  54  4:38  Dark Templar x2  
  61  4:48  Nexus  
  61  4:49  Probe  
  61  4:50  Probe  
  63  4:55  Pylon  
  63  5:01  Probe  
  63  5:02  Probe  
  65  5:13  Stalker  
  65  5:14  Dark Templar  
  69  5:15  Shield Battery  
  69  5:16  Forge  
  69  5:17  Sentry  
  69  5:18  Probe (Chrono Boost)  
  69  5:19  Probe (Chrono Boost)  
  73  5:28  Blink  
  73  5:30  Pylon  
  73  5:31  Probe x2 (Chrono Boost)  
  73  5:33  Archon  
  75  5:38  Probe (Chrono Boost), Pylon  
  75  5:39  Probe (Chrono Boost)  
  77  5:45  Probe  
  77  5:48  Protoss Ground Weapons Level 1 (Chrono Boost), Probe  
  77  5:49  Sentry x2  
  83  5:53  Immortal (Chrono Boost)  
  87  6:01  Probe x3  
  90  6:05  Dark Templar  
  90  6:15  Gateway  
  90  6:17  Gateway  
  90  6:18  Pylon  
  90  6:24  Probe  
  90  6:25  Probe x2  
  93  6:27  Immortal (Chrono Boost)  
  97  6:36  Pylon  
  97  6:38  Gateway  
  97  6:40  Gateway  
  97  6:43  Gateway  
  97  6:51  Immortal (Chrono Boost)  
  101  6:54  Stalker x3  
  106  7:04  Probe x3  
  107  7:09  Robotics Bay  
  107  7:11  Pylon  
  107  7:12  Zealot  
  107  7:13  Stalker, Pylon  
  111  7:16  Assimilator x2  
  111  7:19  Sentry x2  
  111  7:20  Stalker  
  117  7:25  Pylon  
  117  7:29  Pylon  
  117  7:32  Pylon  
  117  7:35  Zealot  
  117  7:36  Zealot  
  121  7:38  Stalker x2  
  121  7:41  Stalker  
  127  7:50  Immortal (Chrono Boost)  
  131  8:00  Stalker x5  
  133  8:16  Stalker x2  
  133  8:17  Stalker  
  133  8:18  Colossus (Chrono Boost)  
  129  8:24  Protoss Ground Weapons Level 2 (Chrono Boost)  
  129  8:26  Shield Battery  
  135  8:28  Shield Battery  
  135  8:32  Extended Thermal Lance  
  135  8:36  Pylon  
  135  8:38  Probe x3, Pylon  
  138  8:44  Charge  
  138  8:46  Nexus, Pylon  
  138  8:54  Colossus (Chrono Boost)  
  143  9:06  Nexus  
  143  9:18  Sentry x4  
  143  9:21  Photon Cannon  
  143  9:23  Probe x3, Photon Cannon  
  154  9:26  Shield Battery  
  154  9:28  Colossus (Chrono Boost)  
  154  9:34  Pylon  
  154  9:36  Probe x3  
  163  9:45  Sentry  
  163  9:46  Sentry  
  163  9:47  Pylon  
  163  9:52  Dark Templar  
  169  10:00  Probe x3  
  169  10:02  Assimilator  
  169  10:04  Assimilator  
  169  10:05  Pylon  
  172  10:12  Observer (Chrono Boost)  
  173  10:25  Zealot, Dark Templar x4, Colossus (Chrono Boost)  
  173  10:26  Zealot x3  
  187  10:31  Archon x2  
  187  10:32  Gateway  
  187  10:33  Gateway  
  187  11:00  Dark Templar x4  
  187  11:01  Zealot x2  
  199  11:05  Archon x2  
  174  11:20  Dark Templar x2  
  174  11:22  Zealot x2  
  122  11:32  Dark Templar  
  122  11:33  Dark Templar x2  
  122  11:34  Zealot x3  
  122  11:39  Probe x4  
  128  11:47  Stalker x2  
  128  11:51  Probe x3  
  128  11:53  Stalker x2  
  140  11:54  Probe  
  140  12:03  Probe x3  
  140  12:08  Stalker x4  
  123  12:09  Zealot x2  
  123  12:11  Zealot x2  
  117  12:16  Probe x4  
Show
View Real Time Build Order
Export as new Build Order

Reynor Zerg 

Build Orders: Hatch First 

Get SALT Encoding   

  12  0:00  Drone  
  13  0:12  Overlord  
  13  0:17  Drone  
  14  0:30  Drone  
  15  0:44  Hatchery  
  15  0:47  Drone  
  15  0:51  Drone  
  15  0:56  Drone  
  17  1:06  Drone  
  17  1:10  Extractor  
  17  1:19  Drone, Spawning Pool  
  17  1:27  Drone  
  18  1:40  Drone  
  19  1:49  Drone  
  20  1:56  Drone  
  21  2:04  Overlord  
  21  2:06  Queen x2  
  21  2:07  Zergling x2  
  26  2:12  Zergling x2  
  27  2:18  Drone  
  27  2:20  Metabolic Boost  
  29  2:22  Drone  
  29  2:29  Drone  
  30  2:39  Hatchery  
  30  2:41  Drone  
  30  2:43  Drone  
  31  2:46  Drone  
  32  2:51  Queen  
  32  2:56  Overlord  
  34  3:00  Drone  
  34  3:01  Drone  
  35  3:15  Zergling x2  
  35  3:16  Drone x4  
  35  3:19  Overlord  
  40  3:22  Drone  
  40  3:24  Queen  
  43  3:35  Overlord  
  43  3:38  Drone  
  44  3:41  Zergling x2  
  44  3:46  Drone x2  
  44  3:47  Drone x2, Queen  
  51  3:48  Overlord  
  51  3:53  Roach Warren  
  51  3:55  Drone x2  
  52  4:03  Zergling x8  
  52  4:07  Zergling x2  
  52  4:08  Spore Crawler  
  56  4:12  Spore Crawler  
  56  4:16  Zergling x6  
  58  4:20  Spine Crawler  
  58  4:21  Zergling x4  
  58  4:22  Zergling x2  
  61  4:29  Overlord  
  61  4:33  Roach x4  
  61  4:35  Roach  
  71  4:39  Roach  
  71  4:43  Spore Crawler  
  71  4:44  Spore Crawler  
  71  4:46  Drone x2  
  71  4:49  Drone x2  
  71  4:50  Drone  
  71  4:52  Drone  
  77  4:54  Drone  
  77  4:58  Drone  
  79  5:05  Drone x4  
  79  5:06  Drone  
  81  5:12  Lair, Overlord  
  81  5:20  Overlord  
  81  5:25  Extractor  
  81  5:26  Evolution Chamber, Extractor  
  78  5:32  Drone x3  
  81  5:36  Overlord  
  81  5:39  Drone x2  
  81  5:40  Drone x5  
  81  5:42  Drone  
  89  5:48  Extractor  
  88  5:50  Overlord  
  88  5:51  Drone  
  88  5:53  Drone  
  88  5:54  Drone x2  
  92  5:57  Overlord  
  92  6:01  Drone x3  
  92  6:03  Drone  
  92  6:05  Drone  
  92  6:07  Drone  
  92  6:10  Zerg Melee Weapons Level 1  
  92  6:11  Drone x3  
  97  6:18  Overlord  
  97  6:19  Drone x2  
  97  6:21  Extractor  
  97  6:22  Extractor  
  99  6:25  Drone x3  
  99  6:30  Roach x2  
  99  6:32  Overlord  
  104  6:33  Drone x3  
  104  6:37  Overseer  
  104  6:39  Overlord  
  107  6:46  Hatchery  
  106  6:48  Baneling Nest  
  106  6:50  Glial Reconstitution  
  105  6:59  Roach x10  
  124  7:02  Drone x2  
  124  7:05  Roach  
  124  7:07  Overlord  
  124  7:08  Roach, Zergling x2  
  130  7:12  Overlord x2  
  130  7:16  Overlord  
  130  7:26  Overlord  
  130  7:32  Ravager x5  
  130  7:33  Zergling x16  
  142  7:37  Centrifical Hooks  
  142  7:41  Drone  
  142  7:44  Zergling x8  
  146  7:47  Ravager x2  
  146  7:50  Zergling x8  
  153  7:52  Zergling x4, Hatchery  
  153  7:59  Zergling x8  
  153  8:03  Zergling x2  
  149  8:08  Roach  
  149  8:09  Zergling x2  
  149  8:10  Zergling x4  
  149  8:12  Zerg Melee Weapons Level 2  
  145  8:13  Zergling x4  
  146  8:20  Drone x3  
  146  8:21  Drone x2  
  146  8:22  Drone x2  
  146  8:23  Evolution Chamber  
  146  8:26  Drone x2  
  154  8:34  Drone  
  155  8:36  Ravager x3  
  155  8:40  Zergling x4  
  160  8:43  Overseer  
  160  8:44  Zergling x4  
  162  8:50  Overlord  
  162  8:53  Zergling x4, Hatchery  
  162  8:55  Zergling x6  
  161  8:56  Drone x2  
  161  8:57  Zerg Missile Weapons Level 1  
  161  9:00  Overlord  
  161  9:06  Drone x3  
  164  9:10  Zergling x2  
  164  9:13  Zergling x6  
  164  9:14  Zergling x2  
  164  9:15  Hatchery  
  161  9:17  Roach, Zergling x2  
  161  9:20  Zergling x6  
  163  9:27  Zergling x10  
  163  9:29  Hatchery  
  163  9:30  Ravager x4  
  171  9:32  Zergling x6  
  171  9:37  Zergling x2  
  175  9:39  Zergling x4  
  175  9:44  Ravager x2  
  179  9:46  Drone x3  
  179  9:48  Infestation Pit, Zergling x2  
  182  9:55  Zergling x4  
  184  10:03  Hatchery  
  184  10:04  Zergling x2  
  184  10:07  Overlord  
  184  10:13  Extractor  
  183  10:18  Drone x2  
  183  10:26  Drone x3  
  183  10:27  Drone x2  
  183  10:28  Zergling x16  
  191  10:34  Hive  
  192  10:40  Zergling x4  
  192  10:42  Overlord  
  189  10:55  Zergling x2  
  189  10:56  Zergling x4  
  192  10:57  Overlord x2  
  192  11:02  Baneling x5  
  192  11:03  Baneling x6  
  186  11:07  Baneling x15  
  186  11:08  Zergling x32  
  198  11:13  Zergling x4  
  194  11:22  Zergling x12  
  167  11:31  Zergling x8  
  133  11:32  Roach  
  133  11:36  Roach x2  
  133  11:37  Roach, Zergling x2  
  133  11:39  Roach  
  125  11:41  Roach x3  
  125  11:42  Baneling x19  
  125  11:44  Queen, Roach x4  
  134  11:48  Roach  
  134  11:52  Roach  
  134  11:53  Baneling x5  
  137  11:55  Roach x2  
  130  12:04  Roach, Zergling x6  
  130  12:06  Roach, Zergling x2  
  112  12:09  Roach, Zergling x2  
  112  12:11  Overseer  
  112  12:12  Roach x2, Zergling x2  
  112  12:14  Queen  
  112  12:15  Zergling x2  
  88  12:18  Roach, Zergling x4  

Tags
 
Add a new tag
Caveats
  • Supply blocks, unpowered buildings, or Contaminate may cause inaccurate times.
  • Supply counts are checked every 10 seconds.